 Dungeon Crawl Stone Soup version 0.25.1-2-g60ff931df9 (webtiles) character file.

Game seed: 1457069023073550815

179 MrTeeJey the Covered (level 5, 0/42 HPs)
             Began as a Human Fighter on Sept 1, 2020.
             Slain by a worker ant (4 damage)
             ... on level 3 of the Dungeon.
             The game lasted 00:43:57 (3426 turns).

MrTeeJey the Covered (Human Fighter)                Turns: 3426, Time: 00:43:58

Health: 0/42       AC: 10    Str: 17    XL:     5   Next: 90%
Magic:  5/5        EV:  8    Int: 15    God:
Gold:   226        SH:  9    Dex: 12    Spells: 4/4 levels left

rFire    . . .     SeeInvis .   a - +1 long sword
rCold    . . .     Gourm    .   c - +0 kite shield
rNeg     . . .     Faith    .   m - +1 ring mail
rPois    .         Spirit   .   f - +0 helmet
rElec    .         Reflect  .   w - +0 cloak
rCorr    .         Harm     .   y - +0 pair of gloves
MR       .....                  (no boots)
Stlth    +.........             (no amulet)
HPRegen  0.14/turn              v - +6 ring of intelligence
MPRegen  0.09/turn              (no ring)

@: very slightly contaminated
A: no striking features
a: no special abilities


You were on level 3 of the Dungeon.
You were not hungry.

You visited 1 branch of the dungeon, and saw 4 of its levels.

You collected 226 gold pieces.

Inventory:

Hand Weapons
 a - a +1 long sword (weapon)
 l - a cursed -3 hand axe
 s - a +0 dagger
Missiles
 z - 27 poisoned darts (quivered)
Armour
 b - a +0 scale mail
 c - a +0 kite shield (worn)
 f - a +0 helmet (worn)
 k - a +0 ring mail
 m - a +1 ring mail (worn)
 w - a +0 cloak (worn)
 y - a +0 pair of gloves (worn)
 A - a +0 ring mail
Jewellery
 v - a +6 ring of intelligence (left hand)
 B - a cursed amulet of inaccuracy
Wands
 n - a wand of flame (25)
 q - a wand of polymorph (6)
 u - a wand of iceblast (7)
 C - a wand of digging (4)
Scrolls
 e - a scroll of enchant weapon
 h - a scroll of amnesia
 o - a scroll of immolation
 p - a scroll of identify
 r - 2 scrolls of random uselessness
Potions
 d - a potion of might
 j - a potion of lignification


   Skills:
 + Level 3.7 Fighting
 * Level 3.7 Long Blades
 - Level 0.1 Throwing
 + Level 3.9 Armour
 - Level 0.5 Dodging
 - Level 0.1 Stealth
 + Level 3.6 Shields


You had 4 spell levels left.
You didn't know any spells.
Your spell library was empty.

Dungeon Overview and Level Annotations

Branches:
Dungeon (4/15)
 Temple: D:4-7

Altars:
Ashenzari
Xom
Yredelemnul

Annotations:
D:4 Sigmund


Message History

You feel sick.
You feel sick.
You are no longer poisoned.
You eat the ration.
That ration really hit the spot!
The worker ant waves its antennae.
Sigmund appears from thin air!
Reactivating autopickup.
Sigmund casts a spell.
Sigmund flickers and vanishes!
Deactivating autopickup; reactivate with Ctrl-A.
You block the worker ant's attack.
There is a stone staircase leading up here.
The worker ant bites you.
* * * LOW HITPOINT WARNING * * *
You climb upwards.
Reactivating autopickup.
There is a stone staircase leading down here.
The worker ant bites you but does no damage.
The worker ant bites you.
You die...

.........................รท.......
........########.................
........## #......#####......
.........#######.....## #......
.....................# #......
........########.....# #######
######### #.....# #a....# #@....#
#.....# #.....# #######


You could see a worker ant.

Vanquished Creatures
  2 worker ants (D:4)
  5 adders
  4 worms (D:2)
  2 dart slugs
  An orc (D:3)
  12 bats
  2 giant cockroaches (D:3)
  5 goblins
  9 hobgoblins
  6 jackals (D:2)
  5 quokkas
  A ball python (D:1)
  3 frilled lizards
  5 kobolds
  8 rats
  A butterfly (D:2)
71 creatures vanquished.

Notes
Turn   | Place    | Note
-------+----------+-------------------------------------------
     0 | D:1      | MrTeeJey the Human Fighter began the quest for the Orb.
     0 | D:1      | Reached XP level 1. HP: 18/18 MP: 1/1
   163 | D:1      | Reached XP level 2. HP: 24/24 MP: 2/2
  1023 | D:1      | Reached XP level 3. HP: 25/29 MP: 3/3
  1319 | D:2      | Found a shattered altar of Ashenzari.
  1458 | D:2      | Reached XP level 4. HP: 21/35 MP: 4/4
  1500 | D:2      | Found a shimmering altar of Xom.
  2540 | D:3      | Reached XP level 5. HP: 39/41 MP: 5/5
  2963 | D:3      | Found a basalt altar of Yredelemnul.
  3259 | D:4      | Noticed Sigmund
  3426 | D:3      | Slain by a worker ant

Illustrated notes

Levels and vault maps discovered:
D:1:      lightli_arrival_chessboard, layout_basic, serial_co_window_serial,
          co_window_paths_a, co_window_paths_a, co_window_paths_a,
          co_window_paths_a, co_window_cross_1, co_window_paths_b,
          co_window_paths_b, co_window_corner_ca, co_window_broadway_b,
          co_window_corner_b, co_window_unsneaky_path_d, co_window_2corner,
          co_window_cross_2, co_window_4corner_b
D:2:      layout_loops_ring, nicolae_ashenzari_panopticon, xom_butterflies
D:3:      layout_rooms, lemuel_crystal_altar
D:4:      layout_gridville, first_ration, nrook_campfire, eino_tiny_chamber,
          minmay_misc_feat_plants, uniq_blork_the_orc, uniq_sigmund,
          uniq_duvessa

Skill      XL: |  1  2  3  4 |
---------------+-------------+-----
Long Blades    | 3 |  3.7
Fighting       | |  3.7
Throwing       | |  0.1
Armour         | |  3.9
Dodging        | |  0.5
Stealth        | |  0.1
Shields        | |  3.6

Action                   |  1- 3 |  4- 6 || total
-------------------------+-------+-------++-------
Melee: Long sword        |   115 |   124 ||   239
Throw: Dart              |       |    15 ||    15
  Use: Potion            |     2 |     3 ||     5
       Scroll            |       |    12 ||    12
  Eat: Ration            |     1 |     2 ||     3
       Chunk             |       |     1 ||     1
Armor: Scale mail        |    41 |    71 ||   112
       Ring mail         |       |    28 ||    28
       Skin              |       |    10 ||    10
Dodge: Dodged            |    36 |    55 ||    91
Block: Kite shield       |    69 |    89 ||   158
       Rpst.: Long sword |     8 |    20 ||    28
